 Dungeon Crawl Stone Soup version 0.21-a0-331-gfb491b4 (webtiles) character file.

182 tidbits the Charmwright (level 5, -3/43 HPs)
             Began as a Gnoll Skald on Oct 2, 2017.
             Killed from afar by Ijyb (16 damage)
             ... with a wand of lightning (?/15)
             ... on level 4 of the Dungeon.
             The game lasted 00:06:06 (1256 turns).

tidbits the Charmwright (Gnoll Skald)               Turns: 1256, Time: 00:06:06

Health: -3/43      AC:  5    Str: 14    XL:     5   Next: 61%
Magic:  15/21      EV: 12    Int: 16    God:
Gold:   137        SH:  4    Dex: 14    Spells: 3/14 levels left

rFire    . . .     SeeInvis .   a - +0 hand axe
rCold    . . .     Gourm    .   D - +0 buckler
rNeg     . . .     Faith    .   B - +0 ring mail
rPois    .         Spirit   .   (no helmet)
rElec    .         Reflect  .   (no cloak)
rCorr    .         Harm     .   (no gloves)
MR       .....                  (no boots)
Stlth    +.........             (no amulet)
HPRegen  0.14/turn              (no ring)
MPRegen  0.17/turn              l - ring of magical power

@: infused (expiring)
A: distributed training, fangs 1, strong nose
a: no special abilities


You were on level 4 of the Dungeon.
You were hungry.

You visited 1 branch of the dungeon, and saw 4 of its levels.

You collected 137 gold pieces.

Inventory:

Hand Weapons
 a - a +0 hand axe (weapon)
 k - a +2 dagger of holy wrath
   (You found it on level 1 of the Dungeon)
 s - a +2 short sword of holy wrath
   (You found it on level 2 of the Dungeon)
 u - a +0 flail
Missiles
 f - 93 stones (quivered)
 m - 43 arrows
 y - 5 tomahawks
Armour
 b - a +0 leather armour
 w - a +0 shield
 B - a +0 ring mail (worn)
 D - a +0 buckler (worn)
Jewellery
 e - an uncursed ring of ice
   (You found it on level 1 of the Dungeon)
 l - a ring of magical power (right hand)
   (You found it on level 1 of the Dungeon)
Scrolls
 g - a scroll of noise {unknown}
 i - a scroll of teleportation {unknown}
 j - a scroll of enchant weapon {unknown}
 o - 3 scrolls of fear {unknown}
 p - a scroll of immolation {unknown}
 r - 2 scrolls of remove curse
 z - a scroll of magic mapping {unknown}
Potions
 n - a potion of curing {unknown}
 q - 2 potions of heal wounds
 v - a potion of lignification {unknown}
Books
 c - a book of Battle

   Spells                             Type                      Level
   a - Infusion                       Charms                       1
   b - Shroud of Golubria             Charms/Translocation         2
   c - Song of Slaying                Charms                       2
   d - Spectral Weapon                Hexes/Charms                 3
   e - Regeneration                   Charms/Necromancy            3
Comestibles
 d - 6 bread rations
 h - a royal jelly
 t - a meat ration
 x - 4 chunks of flesh


   Skills:
 + Level 4.8 Fighting
 + Level 1.5 Short Blades
 + Level 1.5 Long Blades
 + Level 4.8 Axes
 + Level 1.5 Maces & Flails
 + Level 1.5 Polearms
 + Level 1.5 Staves
 + Level 1.5 Slings
 + Level 1.5 Bows
 + Level 1.5 Crossbows
 + Level 1.5 Throwing
 + Level 3.0 Armour
 + Level 4.8 Dodging
 + Level 1.5 Stealth
   Level 0.0 Stabbing
 + Level 1.5 Shields
   Level 0.0 Traps
 + Level 1.5 Unarmed Combat
 + Level 5.2 Spellcasting
 + Level 1.5 Conjurations
 + Level 1.5 Hexes
 + Level 6.7 Charms
 + Level 1.5 Summonings
 + Level 1.5 Necromancy
 + Level 1.5 Translocations
 + Level 1.5 Transmutations
 + Level 1.5 Fire Magic
 + Level 1.5 Ice Magic
 + Level 1.5 Air Magic
 + Level 1.5 Earth Magic
 + Level 1.5 Poison Magic
 + Level 1.5 Invocations
 + Level 1.5 Evocations


You had 3 spell levels left.
You knew the following spells:

 Your Spells              Type           Power        Failure   Level  Hunger
g - Shroud of Golubria    Chrm/Tloc      ###.......   11%         2    #......
i - Infusion              Chrm           ####         2%          1    None
r - Regeneration          Chrm/Necr      ###.......   22%         3    ###....
w - Spectral Weapon       Hex/Chrm       ###.....     22%         3    ###....
y - Song of Slaying       Chrm           ####....     3%          2    #......


Dungeon Overview and Level Annotations

Branches:
Dungeon (4/15)
 Temple: D:4-7

Altars:
Vehumet
The Shining One

Annotations:
D:4 Ijyb


Innate Abilities, Weirdness & Mutations

Your experience applies equally to all skills.
You have very sharp teeth.
Your uncanny sense of smell can sniff out nearby items.


Message History

You barely miss the kobold. Your bite misses the kobold.
The kobold closely misses you.
You hit the kobold but do no damage.
You are no longer magically infusing your attacks.
The kobold hits you with a dagger.
You barely miss the kobold. You block the kobold's attack.
You hit the kobold but do no damage. You block the kobold's attack.
You hit the kobold.
You kill the kobold!
No target in view!
No target in view!
No target in view!
Things that are here:
a dagger; a ring mail; a kobold corpse
There is an open door here.
There is a stone staircase leading down here.
You climb downwards. 2 frilled lizards, a leopard gecko and an ooze come into view.
Found a scroll labeled BEYF ROQEDYEWN.
Found a stone staircase leading down.
There is a stone staircase leading up here.
Casting: Infusion
Confirm with . or Enter, or press ? or * to list all spells.
You draw out your weapon's spirit!
The ooze quivers.
The frilled lizard hisses angrily.
Casting: Spectral Weapon
Confirm with . or Enter, or press ? or * to list all spells.
You begin infusing your attacks with magical energy.
The ooze barely misses your spectral weapon.
The frilled lizard bites you. The ooze misses you.
You hit the ooze.
The ooze is moderately wounded.
You closely miss the frilled lizard.
Your spectral weapon completely misses the ooze.
Your spectral weapon hits the frilled lizard.
You kill the frilled lizard!
The ooze hits you but does no damage.
You hit the ooze.
The ooze is heavily wounded.
Your spectral weapon hits the ooze.
The ooze hits your spectral weapon.
Your spectral weapon shares its damage with you!
The frilled lizard closely misses you.
You catch the helpless ooze completely off-guard!
You hit the ooze!
You kill the ooze!
You hit the leopard gecko. You miss the frilled lizard.
The leopard gecko bites you. The frilled lizard barely misses you.
You hit the leopard gecko!
You kill the leopard gecko!
You hit the frilled lizard.
You kill the frilled lizard!
No target in view!
No target in view!
No target in view!
Okay, then.
Found 24 stones.
An adder and an orc come into view.
The adder hisses angrily.
The orc throws a tomahawk.
The tomahawk hits you but does no damage.
You see here a tomahawk.
The orc throws a tomahawk.
The tomahawk hits you.
You see here a tomahawk.
The adder barely misses you.
The orc throws a tomahawk.
You block the tomahawk.
You see here a tomahawk.
You hit the adder. Your bite misses the adder.
The adder is moderately wounded.
Your spectral weapon hits the adder!
You kill the adder!
The orc throws a tomahawk.
The tomahawk hits you but does no damage.
The orc throws a tomahawk.
The tomahawk closely misses you.
You hit the orc.
The orc is severely wounded.
Your spectral weapon closely misses the orc.
The orc hits you.
You hit the orc.
You kill the orc!
No target in view!
Things that are here:
a leather armour; an orc corpse You butcher the orc corpse.
x - 4 chunks of flesh
Things that are here:
a leather armour; an orc skeleton Your spectral weapon fades away.
You see here 2 tomahawks.
y - 2 tomahawks
z - a scroll labeled BEYF ROQEDYEWN
y - 3 tomahawks (gained 1)
y - 4 tomahawks (gained 1)
y - 5 tomahawks (gained 1)
Found a scroll labeled RIUTAALUSM.
Ijyb shouts!
Ijyb zaps a wand.
The bolt of lightning hits you!
Ouch! That really hurt!
* * * LOW HITPOINT WARNING * * *
Your magical infusion is running out.
Ijyb zaps a wand.
The bolt of lightning hits you!
You die...

.......... #.........
# #......... ###
#.###.?..g....
##.####.#...........
###...##............
##........#.......#
##..[.....# #.@.#
#.........## ##.##
...........#####.##
###..........#....#
................#..#
..............####..#
..............# ...#
.............## .....
####..##.....# .....


You could see Ijyb.

Vanquished Creatures
  Terence (D:3)
  A worker ant (D:3)
  7 adders
  An ooze (D:4)
  A worm (D:2)
  3 dart slugs (D:2)
  6 leopard geckos
  3 orcs
  7 goblins
  5 hobgoblins
  3 kobolds
  5 bats
  4 frilled lizards
  4 rats
51 creatures vanquished.

Notes
Turn   | Place    | Note
-------+----------+-------------------------------------------
     0 | D:1      | tidbits the Gnoll Skald began the quest for the Orb.
     0 | D:1      | Reached XP level 1. HP: 20/20 MP: 6/6
   202 | D:1      | Reached XP level 2. HP: 23/26 MP: 7/7
   339 | D:2      | Learned a level 2 spell: Song of Slaying
   342 | D:2      | Learned a level 2 spell: Shroud of Golubria
   410 | D:2      | Reached XP level 3. HP: 29/31 MP: 9/9
   416 | D:2      | Reached skill level 5 in Spellcasting
   577 | D:2      | Reached skill level 1 in Short Blades
   577 | D:2      | Reached skill level 1 in Long Blades
   577 | D:2      | Reached skill level 1 in Maces & Flails
   577 | D:2      | Reached skill level 1 in Polearms
   577 | D:2      | Reached skill level 1 in Staves
   577 | D:2      | Reached skill level 1 in Slings
   577 | D:2      | Reached skill level 1 in Bows
   577 | D:2      | Reached skill level 1 in Crossbows
   577 | D:2      | Reached skill level 1 in Throwing
   577 | D:2      | Reached skill level 1 in Stealth
   577 | D:2      | Reached skill level 1 in Shields
   577 | D:2      | Reached skill level 1 in Unarmed Combat
   577 | D:2      | Reached skill level 1 in Conjurations
   577 | D:2      | Reached skill level 1 in Hexes
   577 | D:2      | Reached skill level 1 in Summonings
   577 | D:2      | Reached skill level 1 in Necromancy
   577 | D:2      | Reached skill level 1 in Translocations
   577 | D:2      | Reached skill level 1 in Transmutations
   577 | D:2      | Reached skill level 1 in Fire Magic
   577 | D:2      | Reached skill level 1 in Ice Magic
   577 | D:2      | Reached skill level 1 in Air Magic
   577 | D:2      | Reached skill level 1 in Earth Magic
   577 | D:2      | Reached skill level 1 in Poison Magic
   577 | D:2      | Reached skill level 1 in Invocations
   577 | D:2      | Reached skill level 1 in Evocations
   623 | D:2      | Learned a level 3 spell: Regeneration
   627 | D:2      | Learned a level 3 spell: Spectral Weapon
   653 | D:2      | Reached XP level 4. HP: 37/38 MP: 11/11
   674 | D:2      | Found a radiant altar of Vehumet.
   820 | D:3      | Noticed Terence
   832 | D:3      | Killed Terence
   832 | D:3      | Reached XP level 5. HP: 43/43 MP: 9/12
   934 | D:3      | Found a glowing golden altar of the Shining One.
  1097 | D:3      | Noticed Ijyb
  1164 | D:3      | Reached skill level 3 in Armour
  1256 | D:4      | Killed from afar by Ijyb

Vault maps used:
D:1:      dpeg_arrival_water_temple_mockup
D:2:      lemuel_crystal_altar, chequers_ecumenical_altar_twisty
D:3:      nicolae_overflow_crystal_walls, lemuel_coloured_pillars_altar,
          first_bread, minmay_crystal_water, uniq_terence, uniq_ijyb
D:4:      elyvilon_altar_5, kennysheep_vampire_church, uniq_grinder

Skill      XL: |  1  2  3  4  5 |
---------------+----------------+-----
Spellcasting   | 5 |  5.2
Short Blades   | 1 |  1.5
Long Blades    | 1 |  1.5
Maces & Flails | 1 |  1.5
Polearms       | 1 |  1.5
Staves         | 1 |  1.5
Slings         | 1 |  1.5
Bows           | 1 |  1.5
Crossbows      | 1 |  1.5
Throwing       | 1 |  1.5
Stealth        | 1 |  1.5
Shields        | 1 |  1.5
Unarmed Combat | 1 |  1.5
Conjurations   | 1 |  1.5
Hexes          | 1 |  1.5
Summonings     | 1 |  1.5
Necromancy     | 1 |  1.5
Translocations | 1 |  1.5
Transmutations | 1 |  1.5
Fire Magic     | 1 |  1.5
Ice Magic      | 1 |  1.5
Air Magic      | 1 |  1.5
Earth Magic    | 1 |  1.5
Poison Magic   | 1 |  1.5
Invocations    | 1 |  1.5
Evocations     | 1 |  1.5
Armour         | 3 |  3.0
Fighting       | |  4.8
Axes           | |  4.8
Dodging        | |  4.8
Charms         | |  6.7

Action                   |  1- 3 |  4- 6 || total
-------------------------+-------+-------++-------
Melee: Hand axe          |    54 |    61 ||   115
       Dagger            |     5 |       ||     5
       Bite              |     3 |     4 ||     7
 Cast: Infusion          |     8 |     7 ||    15
       Shroud of Golubri |     2 |     2 ||     4
       Spectral Weapon   |       |     4 ||     4
       Regeneration      |       |     1 ||     1
  Use: Scroll            |       |     3 ||     3
       Potion            |       |     2 ||     2
 Stab: Distracted        |       |     2 ||     2
  Eat: Chunk             |       |     1 ||     1
Armor: Ring mail         |     9 |    15 ||    24
Dodge: Dodged            |    32 |    46 ||    78
Block: Buckler           |       |     8 ||     8

Table legend:
 A = Spawn XP
 B = Non-spawn XP
 C = Spawn XP percentage of total XP
 D = Spawn monster count
 E = Non-spawn monster count
 F = Spawn count percentage of total count
 G = Total turns spent on level
                    A         B        C        D         E        F      G
               +---------+---------+-------+---------+---------+-------+---------
         Total |       0 |     260 |   0.0 |       0 |      51 |   0.0 |  1256
               +---------+---------+-------+---------+---------+-------+---------
           D:1 |       0 |      17 |   0.0 |       0 |       9 |   0.0 |   317
           D:2 |       0 |     112 |   0.0 |       0 |      23 |   0.0 |   474
           D:3 |       0 |     103 |   0.0 |       0 |      13 |   0.0 |   421
           D:4 |       0 |      28 |   0.0 |       0 |       6 |   0.0 |    44
               +---------+---------+-------+---------+---------+-------+---------

Table legend:
 A = Turns spent in this place as a percentage of turns spent in the entire game.
 B = Non-inter-level travel turns spent in this place as a percentage of non-inter-level travel turns spent in the entire game.
 C = Inter-level travel turns spent in this place as a percentage of turns spent in this place.
 D = Turns resting spent in this place as a percentage of non-inter-level travel turns spent in this place.
 E = Turns spent auto-exploring this place as a percentage of non-inter-level travel turns spent in this place.
 F = Non-inter-level travel turns spent in this place divided by the number of levels of this place that you've seen.
                   A       B       C       D       E      F
               +-------+-------+-------+-------+-------+----------------------
         Total | 100.0 | 100.0 |   0.8 |   0.0 |   0.0 | 311.5
       Dungeon | 100.0 | 100.0 |   0.8 |   0.0 |   0.0 | 311.5
               +-------+-------+-------+-------+-------+----------------------

Table legend:
 A = Kills in this place as a percentage of kills in entire the game.
 B = Kills by you in this place as a percentage of kills by you in the entire game.
 C = Kills by friends in this place as a percentage of kills by friends in the entire game.
 D = Other kills in this place as a percentage of other kills in the entire game.
 E = Experience gained in this place as a percentage of experience gained in the entire game.
 F = Experience gained in this place divided by the number of levels of this place that you have seen.
                   A       B       C       D       E      F
               +-------+-------+-------+-------+-------+----------------------
         Total | 100.0 | 100.0 |   N/A |   N/A | 100.0 |  65.0
       Dungeon | 100.0 | 100.0 |   N/A |   N/A | 100.0 |  65.0
               +-------+-------+-------+-------+-------+----------------------

Vault maps used:
D:1:      dpeg_arrival_water_temple_mockup
D:2:      lemuel_crystal_altar, chequers_ecumenical_altar_twisty
D:3:      nicolae_overflow_crystal_walls, lemuel_coloured_pillars_altar,
          first_bread, minmay_crystal_water, uniq_terence, uniq_ijyb
D:4:      elyvilon_altar_5, kennysheep_vampire_church, uniq_grinder
